 Dungeon Crawl Stone Soup version 0.29-a0-80-g3050e97935 (webtiles) character file.

Game seed: 687482198511771344

13 EiAlmux the Insei (level 2, 0/18 HPs)
             Began as an Octopode Transmuter on Feb 4, 2022.
             Slain by a gnoll (9 damage)
             ... on level 1 of the Dungeon.
             The game lasted 00:01:05 (322 turns).

EiAlmux the Insei (Octopode Transmuter)              Turns: 322, Time: 00:01:06

Health: 0/18       AC:  1    Str:  9    XL:     2   Next: 37%
Magic:  3/5        EV: 13    Int: 15    God:
Gold:   11         SH:  0    Dex: 12    Spells: 4/5 levels left

rFire   . . .      SeeInvis .   b - +0 dagger
rCold   . . .      Faith    .   (no shield)
rNeg    . . .      Spirit   .   (helmet currently unavailable)
rPois   .          Reflect  .   (no amulet)
rElec   .          Harm     .   (no ring)
rCorr   .          Rampage  .   (no ring)
Will    .....                   (no ring)
Stlth   +++.......              (no ring)
HPRegen 0.06/turn               (no ring)
MPRegen 0.09/turn               (no ring)
                                (no ring)
                                (no ring)

@: appendages
A: tentacle spike 3, almost no armour, amphibious, 8 rings, camouflage 1,
gelatinous body 1, (nimble swimmer 1), tentacles
a: End Transformation


You were on level 1 of the Dungeon.
One of your tentacles had grown a beastly spike.
You visited 1 branch of the dungeon, and saw 1 of its levels.

You collected 11 gold pieces.

Inventory:

Hand Weapons
 b - a +0 dagger (weapon)
Magical Staves
 a - a staff of death


   Skills:
 + Level 1.2 Fighting
 + Level 2.1 Dodging
 * Level 1.5 Stealth
 + Level 3.1 Unarmed Combat
 + Level 2.1 Spellcasting
 + Level 2.1 Transmutations


You had 4 spell levels left.
You knew the following spells:

 Your Spells              Type           Power      Damage    Failure   Level
a - Beastly Appendage     Tmut           14%        N/A       10%         1

Your spell library contained the following spells:

 Spells                   Type           Power      Damage    Failure   Level
 Wereblood                Tmut           7%         N/A       14%         2
 Spider Form              Tmut/Pois      4%         N/A       38%         3
 Ice Form                 Ice/Tmut       4%         N/A       80%         4


Dungeon Overview and Level Annotations

Branches:
Dungeon (1/15)

Altars:


Innate Abilities, Weirdness & Mutations

One of your tentacles has grown a beastly spike.
You cannot wear most types of armour.
You are amphibious.
You can wear up to eight rings at the same time.
Your skin changes colour to match your surroundings (Stealth+).
Your rubbery body absorbs attacks. (AC +1, EV +1)
((You are camouflaged when in or above water. (Stealth+)))
You have tentacles for arms and can constrict up to eight enemies at once.


Message History

The bat hits you but does no damage.
You hit the bat but do no damage. You grab the bat.
Your tentacle-slap misses the bat.
You constrict the bat. The bat hits you. The bat misses you.
The bat escapes!
The bat barely misses you. x2
You barely miss the bat. You grab the bat. You tentacle-slap the bat.
You kill the bat!
The kobold shouts!
The kobold throws a stone.
The stone hits you but does no damage.
You see here a bat corpse.
The gnoll shouts!
One of your tentacles grows a vicious spike.
The kobold throws a stone.
The stone hits you. The gnoll closely misses you.
The kobold completely misses you.
You hit the kobold. You grab the kobold.
You pierce the kobold.
The kobold is severely wounded.
You constrict the kobold, but do no damage.
The gnoll barely misses you. The kobold closely misses you.
You hit the kobold but do no damage.
You pierce the kobold.
You kill the kobold!
Your transformation is almost over.
The gnoll closely misses you. The gnoll misses you.
Things that are here:
a +0 club; 5 stones You hit the gnoll.
Your grab misses the gnoll.
Your tentacle spike misses the gnoll.
You squeeze the gnoll!
The gnoll is severely wounded.
The gnoll barely misses you.
You hit the gnoll. Your grab misses the gnoll.
The gnoll is severely wounded.
The gnoll hits you with a +0 spear.
You are too injured to fight recklessly!
You are too injured to fight recklessly!
Casting: Beastly Appendage (safe; 10% risk of failure)
Confirm with . or Enter, or press ? or * to list all spells.
You extend your transformation's duration.
The gnoll hits you with a +0 spear!
Ouch! That really hurt!
You die...

## .##########################
.............†..@g........##
.########################..######
.................................
.######## ####....#######..####.
.# ####### #.##.# ##.# #. .#
#.....## #.##.### #..# #. .#
#......#####'#....# ##.# ##
.###..........††.#### .####
..####.##........# .##..


You could see a gnoll.

Vanquished Creatures
  A ball python (D:1)
  An endoplasm (D:1)
  2 hobgoblins (D:1)
  4 bats (D:1)
  2 frilled lizards (D:1)
  A kobold (D:1)
  2 rats (D:1)
13 creatures vanquished.

Notes
Turn   | Place    | Note
-------+----------+-------------------------------------------
     0 | D:1      | EiAlmux the Octopode Transmuter began the quest for the
                  | Orb.
     0 | D:1      | Reached XP level 1. HP: 13/13 MP: 3/3
    88 | D:1      | Reached skill level 1 in Stealth
    88 | D:1      | Reached XP level 2. HP: 10/18 MP: 5/5
   265 | D:1      | Found a faded altar of an unknown god.
   322 | D:1      | Slain by a gnoll

Illustrated notes

Levels and vault maps discovered:
D:1:      mrwooster_arrival_statue, layout_basic,
          ebering_ecumenical_altar_sacrificial

Skill      XL: |  1 |
---------------+----+-----
Stealth        | 1 |  1.5
Fighting       | |  1.2
Dodging        | |  2.1
Unarmed Combat | |  3.1
Spellcasting   | |  2.1
Transmutations | |  2.1

Action                   || total
-------------------------++-------
Melee: Unarmed           ||    19
       Constrict         ||     9
       Tentacles         ||     5
       Kick              ||     6
       Dagger            ||     6
       Punch             ||     1
 Cast: Beastly Appendage ||     5
 Stab: Sleeping          ||     1
Armor: Skin              ||     3
Dodge: Dodged            ||    29

Table legend: (Time is in decaauts)
 A = Elapsed time spent in this place.
 B = Non-inter-level travel time spent in this place.
 C = Inter-level travel time spent in this place.
 D = Time resting spent in this place.
 E = Time spent auto-exploring this place.
 F = Levels seen in this place.
 G = Mean time per level.
                   A        B        C        D        E       F      G
               +--------+--------+--------+--------+--------+-----+--------+
         Total |    320 |    320 |      0 |      0 |    235 |   1 |  320.0 |
       Dungeon |    320 |    320 |      0 |      0 |    235 |   1 |  320.0 |
               +--------+--------+--------+--------+--------+-----+--------+

Top non-repeatable levels by time:
     D:1: 320 daAuts
